 Dungeon Crawl Stone Soup version 0.27.0-1-g7a08968 (webtiles) character file.

Game seed: 17052328250804991386

50 NeededCrab the Poker (level 3, -7/30 HPs)
             Began as a Merfolk Monk on Oct 14, 2021.
             Mangled by a gnoll (13 damage)
             ... on level 3 of the Dungeon.
             The game lasted 00:04:49 (2377 turns).

NeededCrab the Poker (Merfolk Monk)                 Turns: 2377, Time: 00:04:49

Health: -7/30      AC:  3    Str: 12    XL:     3   Next: 79%
Magic:  3/3        EV: 13    Int:  9    God:
Gold:   97         SH:  0    Dex: 16    Spells: 2/2 levels left

rFire    + . .     SeeInvis .   a - +0 spear
rCold    . . .     Faith    .   (no shield)
rNeg     . . .     Spirit   .   k - +0 leather armour
rPois    .         Reflect  .   (no helmet)
rElec    .         Harm     .   (no cloak)
rCorr    .         Rampage  .   (no gloves)
Will     +....                  (no boots)
Stlth    ++........             (no amulet)
HPRegen  0.10/turn              g - ring of willpower
MPRegen  0.08/turn              h - ring of protection from fire

@: no status effects
A: (nimble swimmer 2), mertail
a: no special abilities


You were on level 3 of the Dungeon.
You visited 1 branch of the dungeon, and saw 3 of its levels.

You collected 97 gold pieces.

Inventory:

Hand Weapons
 a - a +0 spear (weapon)
Armour
 k - a +0 leather armour (worn)
Jewellery
 b - a +6 ring of dexterity
 g - a ring of willpower (left hand)
 h - a ring of protection from fire (right hand)
 j - a ring of wizardry
 o - a +6 ring of strength
Scrolls
 c - 2 scrolls of noise {unknown}
 d - a scroll of enchant weapon {unknown}
 l - 2 scrolls of teleportation {unknown}
 m - 2 scrolls of amnesia {unknown}
 n - 2 scrolls of identify {unknown}
Potions
 e - a potion of degeneration {unknown}
 f - a potion of berserk rage {unknown}
 i - a potion of lignification {unknown}
 p - a potion of flight {unknown}


   Skills:
 + Level 3.8 Fighting
 * Level 5.6 Polearms
 + Level 0.1 Armour
 + Level 4.6 Dodging
 - Level 2.1 Stealth


You had 2 spell levels left.
You didn't know any spells.
Your spell library contained the following spells:

 Spells                   Type           Power      Damage    Failure   Level
 Ozocubu's Armour         Ice            0%         N/A       83%         3
 Metabolic Englaciation   Hex/Ice        0%         N/A       100%        5
 Simulacrum               Ice/Necr       0%         N/A       100%        6


Dungeon Overview and Level Annotations

Branches:
Dungeon (3/15)

Altars:

Shops:
D:1 (   D:3 (


Innate Abilities, Weirdness & Mutations

((You are quick and stealthy near water. (Stealth+, EV+, Speed+++)))
Your lower body shifts to a powerful aquatic tail in water.


Message History

p - an amethyst potion
Found a rapier.
You see here a +0 rapier.
There is a stone staircase leading down here.
A gnoll comes into view. It is wielding a +0 club.
A gnoll comes into view. It is wielding a +0 club.
A gnoll comes into view. It is wielding a +0 halberd.
The gnoll shouts!
You hear a shout!
The gnoll shouts!
Reach: a) +0 spear
Press: ? - help, Dir - move target, f - gnoll
Aim: a gnoll, wielding a +0 halberd (about 31% to evade your +0 spear)
You reach to attack!
You hit the gnoll but do no damage.
The gnoll hits you from afar with a +0 halberd.
Reach: a) +0 spear
Press: ? - help, Dir - move target, f/p - gnoll
Aim: a gnoll, wielding a +0 halberd (about 31% to evade your +0 spear)
You reach to attack!
You hit the gnoll.
The gnoll is moderately wounded.
Reach: a) +0 spear
Press: ? - help, Dir - move target, f/p - gnoll
Aim: a gnoll, wielding a +0 halberd (moderately wounded, about 31% to evade your +0 spear)
You reach to attack!
You closely miss the gnoll.
The gnoll is moderately wounded.
The gnoll barely misses you.
Reach: a) +0 spear
Press: ? - help, Dir - move target, f/p - gnoll
Aim: a gnoll, wielding a +0 halberd (moderately wounded, about 31% to evade your +0 spear)
You reach to attack!
You hit the gnoll but do no damage.
The gnoll is moderately wounded.
The gnoll hits you from afar with a +0 halberd!
Reach: a) +0 spear
Press: ? - help, Dir - move target, f/p - gnoll
Aim: a gnoll, wielding a +0 halberd (moderately wounded, about 31% to evade your +0 spear)
You reach to attack!
You hit the gnoll.
The gnoll is heavily wounded.
The gnoll hits you from afar with a +0 halberd!
* * * LOW HITPOINT WARNING * * *
The gnoll hits you from afar with a +0 halberd!
You die...

..............# #.......#
...######.....####.......# ..##
#........'.......#
.###########+#####.......#
...........#.# #)......#
...........#.# #.......#
...........#.####################
......(....#.#...................
...........'..÷.@.g.g............
...........######################
...........##.....♣#
..............≈≈≈..#
....#######..§§§§≈.# ###.#####
#..≈§≈≈≈∩# #.......# ##.≈§§≈≈.#
#.#.###.# #..§§≈..# ..#...#.#
##.....♣# .g


You could see 2 gnolls.

Vanquished Creatures
  A dart slug (D:1)
  5 ball pythons (D:1)
  6 endoplasms
  2 giant cockroaches (D:2)
  3 goblins
  2 hobgoblins (D:1)
  A jackal (D:2)
  7 quokkas
  2 bats (D:2)
  3 frilled lizards
  5 kobolds
  5 rats
42 creatures vanquished.

Vanquished Creatures (others)
  A demonic plant (D:2)
1 creature vanquished.

Grand Total: 43 creatures vanquished

Notes
Turn   | Place    | Note
-------+----------+-------------------------------------------
     0 | D:1      | NeededCrab the Merfolk Monk began the quest for the Orb.
     0 | D:1      | Reached XP level 1. HP: 18/18 MP: 1/1
   355 | D:1      | Found Zijojeot's Weapon Boutique.
   379 | D:1      | Reached XP level 2. HP: 19/24 MP: 2/2
   590 | D:1      | Reached skill level 5 in Polearms
  1084 | D:1      | Reached XP level 3. HP: 25/29 MP: 3/3
  1847 | D:2      | Found a faded altar of an unknown god.
  2105 | D:3      | Found Locwe's Weapon Shoppe.
  2377 | D:3      | Mangled by a gnoll

Illustrated notes

Levels and vault maps discovered:
D:1:      scummos_arrival_hexagon, layout_basic, serial_shops, shop_fountains
D:2:      layout_rooms, shapermc_ecumenical_altar_gd, minmay_octomino_e4
D:3:      minmay_evil_eye, layout_basic, serial_shops, nicolae_lakefront_shop,
          supply_closet_lemuel, skrybe_limestone_x

Skill      XL: |  1  2 |
---------------+-------+-----
Polearms       | 5 |  5.6
Fighting       | |  3.8
Armour         | |  0.1
Dodging        | |  4.6
Stealth        | |  2.1

Action                   || total
-------------------------++-------
Melee: Spear             ||   157
 Stab: Sleeping          ||     8
Armor: Robe              ||     8
       Leather armour    ||    12
Dodge: Dodged            ||    70
